 Dungeon Crawl Stone Soup version 0.30.1-9-gdf580d7c3d (webtiles) character file.

Game seed: 884916772143168342

5737 safid the Frost Mage (level 10, 0/82 HPs)
             Began as a Merfolk Ice Elementalist on Oct 13, 2023.
             Was an Initiate of Vehumet.
             Slain by a seven-headed hydra (6 damage)
             ... on level 8 of the Dungeon.
             The game lasted 00:23:23 (10641 turns).

safid the Frost Mage (Merfolk Ice Elementalist)    Turns: 10641, Time: 00:23:25

Health: 0/82       AC: 12    Str:  5    XL:     10   Next: 77%
Magic:  0/21       EV: 21    Int: 18    God:    Vehumet [......]
Gold:   275        SH:  6    Dex: 17    Spells: 16/23 levels left

rFire   + . .        l - +2 spear (venom)
rCold   + + .        w - +0 buckler
rNeg    . . .        a - +0 robe
rPois   .            (helmet restricted)
rElec   .            d - +0 cloak
rCorr   .            F - +0 pair of gloves
SInv    .            (no boots)
Will    .....        r - amulet of guardian spirit
Stlth   ++           v - ring "Kuwesaj" {rC++ EV+5 Str-5 Dex+3}
HPRegen 0.33/turn    q - ring of protection from fire
MPRegen 0.17/turn

%: guardian spirit
@: ice-armoured
A: (nimble swimmer 2), mertail, beak, screaming 1, devolution 1
a: Renounce Religion


You were on level 8 of the Dungeon.
You worshipped Vehumet.
Vehumet was noncommittal.
You visited 2 branches of the dungeon, and saw 9 of its levels.
You visited the Abyss 1 time.
You also visited: Sewer.

You collected 480 gold pieces.
You spent 205 gold pieces at shops.

Inventory:

Hand Weapons
 l - a +2 spear of venom (weapon)
Missiles
 C - a curare-tipped dart
Armour
 a - a +0 robe (worn)
 c - a +2 helmet
 d - a +0 cloak (worn)
 w - a +0 buckler (worn)
 F - a +0 pair of gloves (worn)
Jewellery
 q - a ring of protection from fire (right hand)
 r - an amulet of guardian spirit (around neck)
 v - the ring "Kuwesaj" (left hand) {rC++ EV+5 Str-5 Dex+3}
   (You found it on level 7 of the Dungeon)

   [ring of evasion]

   EV:        It affects your evasion (+5).
   Str:       It affects your strength (-5).
   Dex:       It affects your dexterity (+3).
   rC:        It greatly protects you from cold.
 y - a ring of resist corrosion
Wands
 m - a wand of mindburst (15)
 u - a wand of paralysis (10)
 G - a wand of light (4)
Scrolls
 e - a scroll of vulnerability {unknown}
 i - 3 scrolls of fear
 k - 2 scrolls of enchant weapon
 o - 4 scrolls of fog
 p - 2 scrolls of teleportation
 t - a scroll of amnesia {unknown}
 D - a scroll of poison {unknown}
Potions
 b - 2 potions of magic
 f - a potion of ambrosia {unknown}
 g - 2 potions of brilliance {unknown}
 h - 2 potions of might
 j - a potion of heal wounds
 n - a potion of attraction {unknown}
 s - 9 potions of curing
 x - 2 potions of flight
 z - 7 potions of invisibility
 A - a potion of haste {unknown}
 B - a potion of berserk rage {unknown}


   Skills:
 + Level 8.4 Fighting
 - Level 8.0 Dodging
 - Level 2.1 Stealth
 - Level 6.0 Shields
 + Level 7.3 Spellcasting
 + Level 9.6 Ice Magic


You had 16 spell levels left.
You knew the following spells:

 Your Spells              Type           Power      Damage    Failure   Level
a - Freeze                Ice            100%       1d10      1%          1
b - Frozen Ramparts       Ice            82%        1d13      1%          3
c - Ozocubu's Armour      Ice            41%        N/A       1%          3

Your spell library contained the following spells:

 Spells                   Type           Power      Damage    Failure   Level
 Summon Ice Beast         Ice/Summ       24%        N/A       22%         4
 Sublimation of Blood     Necr           6%         N/A       26%         2
 Wereblood                Tmut           6%         N/A       26%         2
 Portal Projectile        Hex/Tloc       12%        N/A       45%         3
 Tukima's Dance           Hex            6%         N/A       45%         3
 Blade Hands              Tmut           3%         N/A       99%         5
 Summon Hydra             Summ           3%         N/A       100%        7
 Chain Lightning          Conj/Air       3%         3d4       100%        9
 Fire Storm               Conj/Fire      3%         8d1       100%        9
 Shatter                  Erth           3%         3d7*      100%        9


Dungeon Overview and Level Annotations

Branches:
Dungeon (8/15)             Temple (1/1) D:7           Sewer (visited)
   Lair: D:8-11

Altars:
Ashenzari
Cheibriados
Dithmenos
Elyvilon
Fedhas
Gozag
Hepliaklqana
Makhleb
Okawaru
Qazlal
Ru
Sif Muna
Uskayaw
Vehumet
Wu Jian
Xom
Yredelemnul
Zin
The Shining One

Shops:
D:3 =   D:4 (   D:7 ??

Annotations:
D:8 Psyche


Innate Abilities, Weirdness & Mutations

((You are very nimble when in or above water. (Stealth+, EV+, Speed+++)))
Your lower body shifts to a powerful aquatic tail in water.
You have a beak for a mouth.
You occasionally shout uncontrollably at your foes.
You have hidden genetic defects.


Message History

The seven-headed hydra closely misses you.
The seven-headed hydra completely misses you.
The seven-headed hydra bites you!
* * * LOW HITPOINT WARNING * * *
The seven-headed hydra bites you.
* * * LOW HITPOINT WARNING * * *
The seven-headed hydra closely misses you.
The seven-headed hydra misses you.
You feel much better.
Casting: Freeze (safe; 1% risk of failure)
Confirm with . or Enter, or press ? or * to list all spells.
Aiming: Freeze (safe; 1% risk of failure)
Press: ? - help, Shift-Dir - straight line, f/p - seven-headed hydra
Aim: a seven-headed hydra (severely wounded, slow)
You freeze the seven-headed hydra!
The seven-headed hydra is almost dead.
The seven-headed hydra bites you!
* * * LOW HITPOINT WARNING * * *
You block the seven-headed hydra's attack.
The seven-headed hydra closely misses you.
The seven-headed hydra bites you!
* * * LOW HITPOINT WARNING * * *
The seven-headed hydra barely misses you.
The seven-headed hydra misses you.
The seven-headed hydra bites you but does no damage.
Casting: Freeze (safe; 1% risk of failure)
Confirm with . or Enter, or press ? or * to list all spells.
Aiming: Freeze (safe; 1% risk of failure)
Press: ? - help, Shift-Dir - straight line, f/p - seven-headed hydra
Aim: a seven-headed hydra (almost dead, slow)
You freeze the seven-headed hydra!
The seven-headed hydra is almost dead.
The seven-headed hydra seems to slow down.
The seven-headed hydra bites you but does no damage.
The seven-headed hydra completely misses you.
You block the seven-headed hydra's attack.
The seven-headed hydra bites you!
* * * LOW HITPOINT WARNING * * *
The seven-headed hydra bites you.
You die...

..................# #
.##.###.########..###
.# .##.#
#.########....##..#
.##.#
#...........#.....#
###.#####..####.....#
#........# ####.###
########.# # ##.#(#
#.# #.##.#.## #.#
#.@#### #.# #.#D# #.#
# #.. #.# .##. #.# #
## #.#


You could see a seven-headed hydra (slow).

Vanquished Creatures
  Erica (D:8)
  A two-headed ogre (D:8)
  An ugly thing (D:8)
  Joseph (D:7)
  Maggie (D:7)
  A tengu conjurer (D:8)
  Prince Ribbit (D:6)
  A steam dragon (D:7)
  Menkaure (D:6)
  An orc warrior (D:7)
  2 ice beasts
  A sky beast (D:8)
  2 ogres
  2 centaurs
  6 kobold brigands
  Blork the orc (D:6)
  A bullfrog (D:8)
  A gnoll sergeant (D:5)
  2 scorpions
  5 wights (D:6)
  6 killer bees (D:4)
  A vampire bat (D:3)
  A howler monkey (D:7)
  An electric eel (D:7)
  4 orc priests
  2 gnoll boudas
  A hound (D:6)
  3 sleepcaps
  Ijyb (D:3)
  2 iguanas
  3 orc wizards
  11 adders
  11 gnolls
  2 shadow imps (D:7)
  2 white imps
  5 ufetubi
  A worm (D:2)
  4 dart slugs
  3 fire bats (D:3)
  19 orcs
  2 spectral bats (D:3)
  18 bats
  3 bat skeletons (D:3)
  A bat zombie (D:3)
  7 endoplasms
  4 giant cockroaches
  8 goblins
  8 hobgoblins
  6 jackals
  5 quokkas
  9 ball pythons
  A bat simulacrum (D:3)
  6 frilled lizards
  21 kobolds
  13 rats
228 creatures vanquished.

Notes
Turn   | Place    | Note
-------+----------+-------------------------------------------
     0 | D:1      | safid the Merfolk Ice Elementalist began the quest for the
                  | Orb.
     0 | D:1      | Reached XP level 1. HP: 13/13 MP: 3/3
   194 | D:1      | Reached XP level 2. HP: 14/20 MP: 3/5
   196 | D:1      | Reached skill level 1 in Fighting
   431 | D:1      | Reached XP level 3. HP: 26/26 MP: 6/6
   435 | D:1      | Learned a level 3 spell: Frozen Ramparts
  1151 | D:2      | Reached XP level 4. HP: 24/33 MP: 8/8
  1206 | D:2      | Reached skill level 5 in Ice Magic
  1778 | D:2      | Found a faded altar of an unknown god.
  1961 | D:3      | Reached XP level 5. HP: 36/41 MP: 4/9
  2039 | D:3      | Learned a level 3 spell: Ozocubu's Armour
  2493 | D:3      | Found Sesoyrul's One-of-a-Kind Rings.
  2772 | D:3      | Noticed Ijyb
  2772 | D:3      | Paralysed by Ijyb for 4 turns
  2783 | D:3      | Killed Ijyb
  2832 | D:3      | Reached XP level 6. HP: 46/47 MP: 11/11
  3089 | D:3      | Reached skill level 6 in Ice Magic
  3358 | D:4      | Found Luexed's Weapon Emporium.
  3635 | D:4      | Reached XP level 7. HP: 54/54 MP: 6/13
  4073 | D:5      | Entered Level 5 of the Dungeon
  4130 | D:5      | Found a glowing drain.
  4134 | Sewer    | Entered a sewer
  4268 | Sewer    | Reached skill level 5 in Fighting
  4423 | Sewer    | Reached skill level 1 in Shields
  4424 | Sewer    | Reached skill level 7 in Ice Magic
  4424 | Sewer    | Reached XP level 8. HP: 55/62 MP: 9/15
  4632 | Sewer    | Reached skill level 5 in Spellcasting
  6304 | D:6      | Noticed Blork the orc
  6315 | D:6      | Killed Blork the orc
  6525 | D:6      | Noticed Menkaure
  6540 | D:6      | Reached XP level 9. HP: 38/69 MP: 3/17
  6545 | D:6      | Killed Menkaure
  6911 | D:6      | Reached skill level 8 in Ice Magic
  6932 | D:6      | Reached skill level 5 in Dodging
  7114 | D:6      | Noticed Prince Ribbit
  7124 | D:6      | Killed Prince Ribbit
  7937 | D:7      | Found Byacumua's Magic Scroll Emporium.
  7953 | D:7      | Bought a scroll of identify for 28 gold pieces
  7953 | D:7      | Bought a scroll of identify for 28 gold pieces
  7953 | D:7      | Bought a scroll of blinking for 105 gold pieces
  8102 | D:7      | Found The Oracle's Delphic Readings.
  8122 | D:7      | Bought a scroll of identify for 22 gold pieces
  8122 | D:7      | Bought a scroll of identify for 22 gold pieces
  8270 | D:7      | Noticed Maggie
  8321 | D:7      | Killed Maggie
  8400 | D:7      | Found a staircase to the Ecumenical Temple.
  8420 | Temple   | Entered the Ecumenical Temple
  8473 | Temple   | Became a worshipper of Vehumet
  9014 | D:7      | Identified the ring "Kuwesaj" {rC++ EV+5 Str-5 Dex+3}
  9141 | D:7      | Reached XP level 10. HP: 32/79 MP: 10/19
  9383 | D:7      | Noticed Joseph
  9411 | D:7      | Killed Joseph
  9412 | D:7      | Reached skill level 5 in Shields
  9774 | D:8      | Noticed Erica
  9792 | D:8      | Reached skill level 9 in Ice Magic
  9795 | D:8      | Killed Erica
  9838 | D:8      | Noticed Psyche
  9847 | Abyss:2  | Cast into level 2 of the Abyss (Psyche)
  9873 | Abyss:2  | Gained mutation: You have hidden genetic defects. [a
                  | neqoxec]
  9917 | Abyss:2  | Noticed a worldbinder
  9919 | Abyss:2  | Noticed an apocalypse crab
  9919 | Abyss:2  | Gained mutation: You have a beak for a mouth. [a neqoxec]
  9923 | Abyss:2  | Noticed a black mamba
  9923 | Abyss:2  | Noticed a black mamba
  9923 | Abyss:2  | Noticed a mana viper
  9931 | Abyss:2  | Noticed a naga warrior
  9933 | Abyss:2  | Noticed a naga warrior
  9933 | Abyss:2  | Noticed a black mamba
  9966 | Abyss:2  | Noticed a tentacled monstrosity
  9997 | Abyss:2  | Noticed a starcursed mass
 10029 | Abyss:2  | Noticed a wretched star
 10052 | Abyss:2  | Noticed a large abomination
 10054 | Abyss:2  | Noticed an orange demon
 10078 | D:8      | Escaped the Abyss
 10411 | D:8      | Found a hazy altar of Hepliaklqana.
 10411 | D:8      | Noticed a two-headed ogre
 10424 | D:8      | Killed a two-headed ogre
 10552 | D:8      | Gained mutation: You occasionally shout uncontrollably at
                  | your foes. [hidden defects]
 10553 | D:8      | Noticed a purple ugly thing
 10564 | D:8      | Killed a purple ugly thing
 10628 | D:8      | Noticed a seven-headed hydra
 10641 | D:8      | Slain by a seven-headed hydra

Illustrated notes

Levels and vault maps discovered:
D:1:      minmay_arrival_arboretum_small, layout_basic, minmay_misc_feat_tower,
          nrook_mini_vaults, minmay_tall_x
D:2:      layout_loops_ring, hellmonk_ecumenical_altar_prayer_group
D:3:      layout_loops_ring, serial_forest, infiniplex_forest_end_1,
          infiniplex_forest_corner_2, infiniplex_forest_straight_4,
          infiniplex_forest_clump_C, infiniplex_forest_clump_curved,
          infiniplex_forest_corner_1, nicolae_shop_unique_rings, goddamned_bats,
          uniq_ijyb
D:4:      layout_basic, serial_shops, nicolae_shop_window_shopping
D:5:      layout_layer_cave, gup_sewer_entry_spiral
D:6:      layout_basic, kennysheep_minor_cross, uniq_blork_the_orc,
          uniq_prince_ribbit1, uniq_menkaure
D:7:      layout_cave_pods, temple_pool_b, nicolae_inconvenience_store,
          nicolae_nh_oracle_at_delphi, uniq_maggie, uniq_joseph
D:8:      minmay_cornered_nines, layout_basic, minitemple, uniq_psyche,
          uniq_erica
Temple:   compressed_dpeg_circular_temple

Skill      XL: |  1  2  3  4  5  6  7  8  9 10 |
---------------+-------------------------------+-----
Fighting       | 1 2 3 4 5 6 7 8 |  8.4
Ice Magic      | 5 6 7 8 9 |  9.6
Spellcasting   | 3 4 5 6 7 |  7.3
Shields        | 1 3 4 6 |  6.0
Dodging        | 4 6 8 |  8.0
Stealth        | |  2.1

Action                     |  1- 3 |  4- 6 |  7- 9 | 10-12 || total
---------------------------+-------+-------+-------+-------++-------
  Melee: Unarmed           |    21 |       |       |       ||    21
         Dagger            |    61 |   243 |   191 |       ||   495
         Punch             |     1 |     3 |       |       ||     4
         Tailslap          |       |       |     2 |     5 ||     7
         Spear             |       |       |   149 |    69 ||   218
         Peck              |       |       |       |     4 ||     4
   Cast: Freeze            |    11 |     1 |     5 |     3 ||    20
         Frozen Ramparts   |       |    11 |    40 |    11 ||    62
         Ozocubu's Armour  |       |     6 |    28 |    11 ||    45
    Use: Potion            |       |     1 |       |     8 ||     9
         Scroll            |       |       |    12 |     4 ||    16
   Stab: Sleeping          |     8 |     6 |     3 |       ||    17
 Armour: Robe              |    16 |   107 |    86 |    28 ||   237
         Skin              |       |       |       |     1 ||     1
  Dodge: Dodged            |    47 |   219 |   218 |   136 ||   620
  Block: Buckler           |       |       |    63 |    40 ||   103
